 Dungeon Crawl Stone Soup version 0.20-a0-301-g264e157 (webtiles) character file.

32 Junicave the Digger (level 3, -2/19 HPs)
             Began as a Gargoyle Earth Elementalist on Dec 16, 2016.
             Slain by a scorpion (5 damage)
             ... on level 1 of the Dungeon.
             The game lasted 00:02:41 (1043 turns).

Junicave the Digger (Gargoyle Earth Elementalist)   Turns: 1043, Time: 00:02:41

Health: -2/19      AC:  5    Str: 11    XL:     3   Next: 25%
Magic:  0/7        EV: 12    Int: 16    God:
Gold:   37         SH:  0    Dex: 10    Spells: 3/7 levels left

rFire  + . .     SeeInvis .     k - +1 mace (protect)
rCold  . . .     Gourm    .     c - +0 robe
rNeg   + . .     Faith    .     (no shield)
rPois  ∞         Spirit   .     (no helmet)
rElec  +         Reflect  .     (no cloak)
rCorr  .         Harm     .     (no gloves)
MR     .....                    (no boots)
Stlth  ++........               (no amulet)
                                (no ring)
                                m - ring of protection from fire

@: no status effects
A: negative energy resistance 1, electricity resistance, unbreathing,
petrification resistance, rot immunity, AC +3
a: no special abilities


You were on level 1 of the Dungeon.
You were not hungry.

You visited 1 branch of the dungeon, and saw 1 of its levels.

You collected 37 gold pieces.

Inventory:

Hand Weapons
 h - a +0 dagger
 k - a +1 mace of protection (weapon)
Missiles
 b - 20 stones (quivered)
Armour
 c - a +0 robe (worn)
Jewellery
 m - a ring of protection from fire (left hand)
Scrolls
 a - 2 scrolls of identify {unknown}
 i - 2 scrolls of teleportation {unknown}
 l - a scroll of blinking {unknown}
 n - a scroll of remove curse {unknown}
Potions
 f - a potion of agility {unknown}
Books
 e - a book of Geomancy

   Spells                             Type                      Level
   a - Sandblast                      Earth                        1
   b - Passwall                       Transmutation/Earth          2
   c - Stone Arrow                    Conjuration/Earth            3
   d - Petrify                        Transmutation/Earth          4
   e - Lee's Rapid Deconstruction     Earth                        5
Comestibles
 d - a bread ration
 g - 2 meat rations
 j - a chunk of flesh
 o - 4 fruits
 p - a beef jerky


   Skills:
 - Level 1.5 Dodging
 - Level 2.1 Stealth
 * Level 2.9 Spellcasting
 + Level 0.0 Conjurations
   Level 0.7 Transmutations
 + Level 4.2 Earth Magic


You had 3 spell levels left.
You knew the following spells:

 Your Spells              Type           Power        Failure   Level  Hunger
a - Sandblast             Erth           ###...       3%          1    #......
b - Stone Arrow           Conj/Erth      #.....       28%         3    ###....


Dungeon Overview and Level Annotations

Branches:
Dungeon (1/15)

Altars:


Innate Abilities, Weirdness & Mutations

You are resistant to torment.
Your stone body is resilient. (AC +3)
You are immune to poison.
You resist negative energy. (rN+)
You are resistant to electric shocks. (rElec)
You can survive without breathing.
You are immune to petrification.
You are immune to rotting.


Message History

The blast of sand hits the scorpion.
The scorpion is heavily wounded.
The scorpion stings you but does no damage.
Casting: Sandblast
Confirm with . or Enter, or press ? or * to list all spells.
Aiming: Sandblast
Press: ? - help, Shift-Dir - straight line, f/p - scorpion
Aim: a scorpion (heavily wounded)
The blast of sand hits the scorpion.
The scorpion is heavily wounded.
The scorpion barely misses you.
Casting: Sandblast
Confirm with . or Enter, or press ? or * to list all spells.
Aiming: Sandblast
Press: ? - help, Shift-Dir - straight line, f/p - scorpion
Aim: a scorpion (heavily wounded)
The blast of sand hits the scorpion.
The scorpion is heavily wounded.
The scorpion stings you.
You die...

..#######..###..###....# #.######
............######.....# #.#.....
.............# #......# #.#.####
.............# #......# #.#.#
............######.....# #.#.#
........#..###..###....# #.#.#
........#.###....###...# #.#.####
........#.##......##...# #.#.....
........#.......@......###.######
#...............#s.###.......####
+................................
#............................####
....................#
...####........###### ...
#........# ###### #####
##.####.## .#.#.## #...# #..# #.#


You could see a scorpion.

Vanquished Creatures
  A gnoll (D:1)
  3 leopard geckos (D:1)
  2 bats (D:1)
  A giant cockroach (D:1)
  2 goblins (D:1)
  3 hobgoblins (D:1)
  2 frilled lizards (D:1)
  5 rats (D:1)
19 creatures vanquished.

Notes
Turn   | Place    | Note
-------+----------+-------------------------------------------
     0 | D:1      | Junicave the Gargoyle Earth Elementalist began the quest for the Orb.
     0 | D:1      | Reached XP level 1. HP: 10/10 MP: 3/3
   260 | D:1      | Reached XP level 2. HP: 13/15 MP: 0/5
   465 | D:1      | Reached skill level 4 in Earth Magic
   996 | D:1      | Reached XP level 3. HP: 5/19 MP: 1/7
  1001 | D:1      | Learned a level 3 spell: Stone Arrow
  1032 | D:1      | Noticed a scorpion
  1043 | D:1      | Slain by a scorpion

Vault maps used:
D:1:      lightli_arrival_chessboard, minivault_19

Skill      XL: |  1  2 |
---------------+-------+-----
Earth Magic    | 4 |  4.2
Dodging        | |  1.5
Stealth        | |  2.1
Spellcasting   | |  2.9
Transmutations | |  0.7

Action                   || total
-------------------------++-------
Melee: Unarmed           ||    32
       Dagger            ||    28
       Mace              ||    14
 Cast: Sandblast         ||    29
  Eat: Chunk             ||     1
Armor: Robe              ||    25
Dodge: Dodged            ||    69
